 Dungeon Crawl Stone Soup version 0.30.1-8-g117510f58f (webtiles) character file.

Game seed: 11121973387045597614

5712 LynnLen the Covert (level 10, -3/50 (51) HPs)
             Began as a Spriggan Enchanter on Sept 22, 2023.
             Was a Priest of Vehumet.
             Slain by an orc warlord
             ... wielding a +3 broad axe
              (30 damage)
             ... in a bailey.
             The game lasted 00:31:44 (11733 turns).

LynnLen the Covert (Spriggan Enchanter)            Turns: 11733, Time: 00:31:45

HP:   -3/50 (51)    AC:  4    Str:  4    XL:     10   Next: 48%
MP:   9/22          EV: 21    Int: 21    God:    Vehumet [***...]
Gold: 554           SH:  5    Dex: 16    Spells: 8/23 levels left

rFire   . . .        J - +5 dagger
rCold   . . .        (no shield)
rNeg    . . .        d - +2 robe {Will+}
rPois   +            (helmet restricted)
rElec   .            m - scarf {repulsion}
rCorr   .            (gloves unavailable)
SInv    +            (boots unavailable)
Will    ++...        k - amulet of reflection
Stlth   ++++         j - ring of poison resistance
HPRegen 0.28/turn    (no ring)
MPRegen 0.18/turn

%: repel missiles, reflection
@: lightly drained, very quick
A: very small, no large weapons, unfitting armour, see invisible, speed 3
a: Renounce Religion


You were in a bailey.
You worshipped Vehumet.
Vehumet was most pleased with you.
You visited 2 branches of the dungeon, and saw 10 of its levels.
You also visited: Bailey.

You collected 554 gold pieces.

Inventory:

Hand Weapons
 a - a +1 dagger
 J - a +5 dagger (weapon)
Missiles
 D - 2 throwing nets
 G - 70 stones
Armour
 d - a +2 robe of willpower (worn)
 m - a scarf of repulsion (worn)
 A - +0 steam dragon scales
Jewellery
 j - a ring of poison resistance (left hand)
 k - an amulet of reflection (around neck)
 q - an amulet of regeneration
 s - a ring of flight
 E - a +6 ring of intelligence
 I - a ring of resist corrosion
 O - a ring of fire
Wands
 w - a wand of light (12)
 y - a wand of flame (36)
 K - a wand of iceblast (1)
Scrolls
 e - a scroll of magic mapping
 f - 2 scrolls of vulnerability
 g - 6 scrolls of fog
 l - 4 scrolls of fear {unknown}
 o - 2 scrolls of amnesia {unknown}
 u - a scroll of brand weapon {unknown}
 v - 2 scrolls of immolation {unknown}
 C - 4 scrolls of teleportation {unknown}
 F - 4 scrolls of blinking {unknown}
 L - a scroll of noise {unknown}
 N - 2 scrolls of butterflies {unknown}
 P - 3 scrolls of enchant weapon {unknown}
 Q - a scroll of torment {unknown}
Potions
 b - 12 potions of curing
 c - a potion of invisibility
 h - 2 potions of berserk rage
 i - 2 potions of cancellation
 n - a potion of flight {unknown}
 p - a potion of resistance {unknown}
 r - 3 potions of mutation
 t - 2 potions of lignification {unknown}
 x - 2 potions of attraction {unknown}
 z - 5 potions of brilliance
 B - a potion of might {unknown}
 H - 3 potions of haste {unknown}
 M - a potion of heal wounds {unknown}


   Skills:
 + Level 4.8 Fighting
 + Level 6.3 Short Blades
 + Level 7.9 Dodging
 + Level 9.8 Stealth
 + Level 7.3 Spellcasting
 - Level 8.0 Hexes
 + Level 0.8 Translocations
 + Level 0.2 Fire Magic
 - Level 4.0 Ice Magic
 - Level 4.0 Earth Magic


You had 8 spell levels left.
You knew the following spells:

 Your Spells              Type           Power      Damage    Failure   Level
a - Ensorcelled Hibernat  Hex/Ice        64%        N/A       1%          2
b - Confusing Touch       Hex            41%        N/A       1%          3
c - Tukima's Dance        Hex            41%        N/A       1%          3
d - Sandblast             Erth           48%        2d12      1%          1
e - Inner Flame           Hex/Fire       24%        N/A       1%          3
f - Volatile Blastmotes   Fire/Tloc      18%        2d11      5%          3

Your spell library contained the following spells:

 Spells                   Type           Power      Damage    Failure   Level
 Freeze                   Ice            96%        1d10      1%          1
 Dazzling Flash           Conj/Hex       48%        N/A       1%          3
 Frozen Ramparts          Ice            48%        1d8       1%          3
 Poisonous Vapours        Pois/Air       14%        N/A       3%          2
 Hailstorm                Conj/Ice       16%        3d6       3%          3
 Ignite Poison            Fire/Tmut/Pois 8%         N/A       7%          3
 Sting                    Tmut/Pois      28%        1d4       9%          1
 Cigotuvi's Dreadful Rot  Necr/Pois/Air  14%        N/A       13%         2
 Olgreb's Toxic Radiance  Pois           7%         N/A       21%         4
 Freezing Cloud           Conj/Ice/Air   6%         6-21      32%         5


Dungeon Overview and Level Annotations

Branches:
Dungeon (9/15)             Temple (1/1) D:4          Bailey (1/1)
   Lair: D:8-11         Orc: D:9-12

Altars:
Ashenzari
Cheibriados
Dithmenos
Elyvilon
Fedhas
Gozag
Hepliaklqana
Kikubaaqudgha
Makhleb
Nemelex Xobeh
Okawaru
Qazlal
Ru
Sif Muna
Trog
Uskayaw
Vehumet
Wu Jian
Xom
Yredelemnul
Zin
The Shining One

Shops:
D:3 [


Innate Abilities, Weirdness & Mutations

You are very small and have problems with some larger weapons.
You are too small for most types of armour.
You have supernaturally acute eyesight. (SInv)
You cover ground extremely quickly. (Speed+++)


Message History

3 boomerangs; a kobold skeleton You see here 2 boomerangs.
Aiming: Inner Flame (safe; 1% risk of failure)
Press: ? - help, Q - select action, (/) - cycle Dir - move target, f/p - orc warlord
Aim: an orc warlord, wielding a +3 broad axe and wearing a +0 plate armour (moderately wounded, chance to affect: 47%)
The orc warlord is filled with an inner flame.
Unknown command.
Things that are here:
2 boomerangs; a kobold skeleton
Aiming: Sandblast (safe; 1% risk of failure)
Press: ? - help, Q - select action, (/) - cycle Shift-Dir - straight line, f/p - orc warlord
Aim: an orc warlord, wielding a +3 broad axe and wearing a +0 plate armour (moderately wounded, inner flame, 90% to hit)
The blast of sand hits the orc warlord but does no damage.
The orc warlord is moderately wounded.
Things that are here:
a +0 hand axe; a +0 leather armour
Things that are here:
2 boomerangs; a kobold skeleton
Found a +0 hand axe.
Aiming: Sandblast (safe; 1% risk of failure)
Press: ? - help, Q - select action, (/) - cycle Shift-Dir - straight line, f/p - orc warlord
Aim: an orc warlord, wielding a +3 broad axe and wearing a +0 plate armour (moderately wounded, inner flame, 90% to hit)
The blast of sand hits the orc warlord but does no damage.
The orc warlord is moderately wounded.
Aiming: Sandblast (safe; 1% risk of failure)
Press: ? - help, Q - select action, (/) - cycle Shift-Dir - straight line, f/p - orc warlord
Aim: an orc warlord, wielding a +3 broad axe and wearing a +0 plate armour (lightly wounded, inner flame, 90% to hit)
The blast of sand hits the orc warlord.
Flame seeps out of the orc warlord.
The orc warlord is moderately wounded.
The orc warlord is engulfed in blazing flames.
Flame seeps out of the orc warlord.
Aiming: Sandblast (safe; 1% risk of failure)
Press: ? - help, Q - select action, (/) - cycle Shift-Dir - straight line, f/p - orc warlord
Aim: an orc warlord, wielding a +3 broad axe and wearing a +0 plate armour (moderately wounded, inner flame, 90% to hit)
The blast of sand hits the orc warlord but does no damage.
The orc warlord is moderately wounded.
The orc warlord hits you with a +3 broad axe!!
The orc warlord hits you with a +3 broad axe!!
Ouch! That really hurt!
You die...

♣♣♣∩♣♣♣ #####♣♣♣.....♣♣♣#####
##...##.........##...##
##.....##.......##.....#
##...8...##~~~~~##.(.....
##.........#~~~~~#...8..8.
#..........#~~~~~#........
♣≈≈#..8..8..@.'.....'........
♣≈≈#.......o#########......8.
♣≈≈##......##~~~# ~~####.....
♣...##.....#~}... .~#~~#.....
♣....##....#~?........~#....#
♣♣.....#....##8.8...8.8~##...#
♣......'.....#.........o~'...#
♣∩.∩...'.)...#....∩....~~'...#
♣......'.....#.........~~'...#


You could see an orc warlord (inner flame).

Vanquished Creatures
  A two-headed ogre (D:8)
  A hornet (D:9)
  4 yaks (D:9)
  A steam dragon (D:8)
  4 orc warriors
  5 black bears
  3 centaurs
  2 gnoll sergeants
  2 kobold brigands (D:7)
  2 bullfrogs (D:7)
  2 scorpions
  4 wights
  12 killer bees
  5 hounds
  4 orc priests
  Ijyb (D:4)
  2 sleepcaps
  3 gnoll boudas
  5 iguanas
  7 orc wizards
  7 adders
  13 gnolls
  A white imp (D:7)
  A worm (D:3)
  3 dart slugs
  29 orcs
  6 ball pythons
  9 endoplasms
  5 giant cockroaches
  11 goblins
  9 hobgoblins
  19 kobolds
  8 quokkas
  4 bats
  2 frilled lizards
  6 rats
203 creatures vanquished.

Vanquished Creatures (collateral kills)
  A two-headed ogre (D:9)
  An orc warrior (D:9)
  3 wights
  5 gnolls
  2 orcs (D:9)
12 creatures vanquished.

Vanquished Creatures (others)
  6 dancing weapons
6 creatures vanquished.

Grand Total: 221 creatures vanquished

Notes
Turn   | Place    | Note
-------+----------+-------------------------------------------
     0 | D:1      | LynnLen the Spriggan Enchanter began the quest for the Orb.
     0 | D:1      | Reached XP level 1. HP: 9/9 MP: 5/5
   295 | D:1      | Reached XP level 2. HP: 13/13 MP: 6/6
   301 | D:1      | Learned a level 2 spell: Ensorcelled Hibernation
  1186 | D:2      | Reached XP level 3. HP: 16/16 MP: 8/8
  1483 | D:2      | Reached skill level 1 in Ice Magic
  1803 | D:2      | Reached skill level 1 in Fighting
  1806 | D:2      | Reached XP level 4. HP: 22/22 MP: 3/9
  2849 | D:3      | Found Xoikk's Armour Shop.
  3215 | D:3      | Reached skill level 5 in Stealth
  3668 | D:4      | Found a staircase to the Ecumenical Temple.
  3707 | D:3      | Learned a level 3 spell: Confusing Touch
  3711 | D:3      | Learned a level 3 spell: Tukima's Dance
  3881 | D:4      | Reached XP level 5. HP: 25/25 MP: 7/10
  3909 | Temple   | Entered the Ecumenical Temple
  4245 | Temple   | Became a worshipper of Vehumet
  4837 | D:4      | Noticed Ijyb
  4841 | D:4      | Killed Ijyb
  5037 | D:4      | Reached skill level 5 in Hexes
  5102 | D:4      | You fall into a shaft and drop 2 floors!
  5165 | D:5      | Entered Level 5 of the Dungeon
  5165 | D:5      | Found a shimmering altar of Xom.
  5174 | D:5      | Reached XP level 6. HP: 30/30 MP: 12/12
  5321 | D:5      | Reached * piety under Vehumet
  5321 | D:5      | Offered knowledge of Sandblast by Vehumet.
  5324 | D:5      | Learned a level 1 spell: Sandblast
  5414 | D:5      | Reached XP level 7. HP: 24/34 MP: 6/13
  6425 | D:6      | Reached skill level 6 in Stealth
  6902 | D:5      | Reached XP level 8. HP: 31/39 MP: 2/15
  8338 | D:7      | Reached skill level 5 in Dodging
  8343 | D:7      | Reached skill level 5 in Spellcasting
  8344 | D:7      | Reached ** piety under Vehumet
  8344 | D:7      | Offered knowledge of Searing Ray by Vehumet.
  8367 | D:6      | Reached skill level 7 in Stealth
  8367 | D:6      | Reached skill level 1 in Earth Magic
  8873 | D:7      | Reached XP level 9. HP: 44/44 MP: 18/18
  9309 | D:7      | Identified the +6 chain mail of a bailey {*Slow Fly rN++
                  | Dex+3}
  9912 | D:8      | Reached skill level 8 in Stealth
 10091 | D:8      | Reached skill level 5 in Short Blades
 10202 | D:8      | Found a burning altar of Makhleb.
 10398 | D:8      | Offered knowledge of Inner Flame by Vehumet.
 10454 | D:8      | Learned a level 3 spell: Inner Flame
 10634 | D:8      | Noticed a two-headed ogre
 10641 | D:8      | Killed a two-headed ogre
 10642 | D:8      | Reached skill level 9 in Stealth
 10728 | D:8      | Reached XP level 10. HP: 45/50 MP: 14/21
 10734 | D:8      | Reached *** piety under Vehumet
 11191 | D:9      | Noticed a two-headed ogre
 11202 | D:9      | Killed a two-headed ogre
 11222 | D:9      | Found a flagged portal.
 11229 | D:9      | Found a blossoming altar of Fedhas.
 11235 | Bailey   | Entered a bailey
 11267 | Bailey   | Noticed an orc warlord
 11334 | Bailey   | Offered knowledge of Volatile Blastmotes by Vehumet.
 11343 | Bailey   | Learned a level 3 spell: Volatile Blastmotes
 11457 | Bailey   | Identified the +6 mace of Qemaod {drain, Dex+3}
 11458 | Bailey   | Found a runed translucent gate.
 11458 | Bailey   | Found a runed translucent gate.
 11470 | Bailey   | Found a runed translucent gate.
 11733 | Bailey   | Slain by an orc warlord

Illustrated notes

Levels and vault maps discovered:
D:1:      dpeg_arrival_tiny_a, layout_basic, minivault_26
D:2:      layout_basic, serial_curves, eino_curves_01, eino_curves_03,
          eino_curves_04, eino_curves_01
D:3:      layout_basic, serial_shops, shop, nicolae_eternal_life
D:4:      layout_basic, minmay_temple_entry_ruins, uniq_ijyb
D:5:      layout_rooms, xom_teletrap_fun, water_maze_lemuel
D:6:      layout_basic
D:7:      layout_cave_pools, minmay_alternating_orb
D:8:      layout_gridville, makhleb_blood_cavern_becter, corexii_corridor_pit
D:9:      statuecave_lemuel, layout_long_grid, fedhas_altar_3,
          david_lair_shrubbed, enter_bailey_2, hangedman_abyss_or_decor_slice,
          lemuel_flamethrower_2
Temple:   compressed_dpeg_triangle_lava_temple
Bailey:   bailey_axe_bossmonster_kennysheep, bailey

Skill      XL: |  1  2  3  4  5  6  7  8  9 10 |
---------------+-------------------------------+-----
Hexes          | 4 5 6 7 8 |  8.0
Dodging        | 3 4 5 7 |  7.9
Ice Magic      | 1 2 3 4 |  4.0
Fighting       | 1 2 3 4 |  4.8
Spellcasting   | 3 4 5 6 7 |  7.3
Stealth        | 5 6 7 9 |  9.8
Short Blades   | 2 3 4 5 6 |  6.3
Earth Magic    | 1 3 4 |  4.0
Translocations | |  0.8
Fire Magic     | |  0.2

Action                     |  1- 3 |  4- 6 |  7- 9 | 10-12 || total
---------------------------+-------+-------+-------+-------++-------
  Melee: Dagger            |   136 |   165 |   244 |    68 ||   613
         Punch             |       |     1 |     2 |     2 ||     5
   Cast: Ensorcelled Hiber |    12 |    43 |    81 |     8 ||   144
         Tukima's Dance    |       |       |    34 |     7 ||    41
         Confusing Touch   |       |       |     9 |     1 ||    10
         Sandblast         |       |       |     5 |    22 ||    27
         Inner Flame       |       |       |       |     9 ||     9
         Volatile Blastmot |       |       |       |     4 ||     4
    Use: Scroll            |     6 |     1 |     4 |     1 ||    12
         Potion            |       |       |     1 |       ||     1
   Stab: Sleeping          |    16 |    38 |    56 |     6 ||   116
         Confused          |       |       |     7 |     1 ||     8
         Distracted        |       |       |     2 |     1 ||     3
 Armour: Robe              |     5 |    10 |    24 |     3 ||    42
  Dodge: Dodged            |   106 |    99 |   249 |    57 ||   511
  Block: Other             |       |    32 |    84 |    16 ||   132
         Reflection        |       |     1 |     3 |     2 ||     6
